 Dungeon Crawl Stone Soup version 0.30-b1-2-g02819fbbbe (webtiles) character file.

Game seed: 3013656196542953929

308 nightchill the Chopper (level 6, -9/56 HPs)
             Began as a Hill Orc Fighter on Oct 5, 2023.
             Mangled by an ogre
             ... wielding a +0 giant club
              (12 damage)
             ... on level 4 of the Dungeon.
             The game lasted 00:05:04 (2648 turns).

nightchill the Chopper (Hill Orc Fighter)           Turns: 2648, Time: 00:05:04

Health: -9/56      AC: 10    Str: 19    XL:     6   Next: 40%
Magic:  6/6        EV:  7    Int: 10    God:
Gold:   144        SH:  4    Dex: 10    Spells: 5/5 levels left

rFire   + . .        a - +0 war axe
rCold   . . .        c - +0 buckler
rNeg    . . .        n - +0 chain mail
rPois   .            (no helmet)
rElec   .            (no cloak)
rCorr   .            e - +0 pair of gloves
SInv    .            (no boots)
Will    .....        (no amulet) Stlth
                     m - ring of protection from fire
HPRegen 0.29/turn    (no ring)
MPRegen 0.10/turn

%: no passive effects
@: no status effects
A: no striking features
a: no special abilities


You were on level 4 of the Dungeon.
You visited 1 branch of the dungeon, and saw 4 of its levels.

You collected 144 gold pieces.

Inventory:

Hand Weapons
 a - a +0 war axe (weapon)
Armour
 c - a +0 buckler (worn)
 e - a +0 pair of gloves (worn)
 n - a +0 chain mail (worn)
Jewellery
 m - a ring of protection from fire (left hand)
Wands
 u - a wand of flame (11)
Scrolls
 b - 2 scrolls of torment {unknown}
 f - 3 scrolls of identify
 g - 4 scrolls of teleportation {unknown}
 h - a scroll of enchant armour {unknown}
 i - 2 scrolls of poison {unknown}
 k - 2 scrolls of immolation {unknown}
 o - 2 scrolls of fear {unknown}
 r - 3 scrolls of amnesia {unknown}
 v - a scroll of silence {unknown}
 w - a scroll of enchant weapon {unknown}
Potions
 j - a potion of attraction
 l - 2 potions of resistance
 p - 4 potions of curing
 q - a potion of ambrosia
 s - a potion of flight
 t - a potion of berserk rage


   Skills:
 + Level 5.6 Fighting
 * Level 7.3 Axes
 - Level 3.2 Armour
 - Level 3.2 Shields


You had 5 spell levels left.
You didn't know any spells.
Your spell library contained the following spells:

 Spells                   Type           Power      Damage    Failure   Level
 Summon Small Mammal      Summ           0%         N/A       99%         1
 Call Canine Familiar     Summ           0%         N/A       100%        3
 Dazzling Flash           Conj/Hex       0%         N/A       100%        3
 Frozen Ramparts          Ice            0%         1d1       100%        3
 Summon Guardian Golem    Hex/Summ       0%         N/A       100%        3
 Ice Form                 Ice/Tmut       0%         N/A       100%        4
 Summon Ice Beast         Ice/Summ       0%         N/A       100%        4
 Agony                    Necr           0%         N/A       100%        5
 Silence                  Hex/Air        0%         N/A       100%        5


Dungeon Overview and Level Annotations

Branches:
Dungeon (4/15)
 Temple: D:4-7

Altars:
Cheibriados
Xom

Shops:
D:2 :


Message History

You block the black bear's attack.
The black bear claws you but does no damage.
The black bear claws you.
You barely miss the black bear.
The black bear is almost dead.
The black bear bites you! The black bear barely misses you.
The black bear closely misses you. The black bear bites you.
The black bear barely misses you. The black bear claws you.
You slice the black bear!!
You kill the black bear!
Your Axes skill increases to level 7!
You have reached level 6!
You start resting.
You feel a little less mighty now.
You see here a black bear corpse.
You see here a jackal corpse.
An ogre comes into view. It is wielding a +0 giant club.
An ogre is nearby!
An ogre is nearby!
You hit the ogre.
The ogre is lightly wounded.
The ogre barely misses you.
You hit the ogre.
The ogre is moderately wounded.
The ogre hits you with a +0 giant club!
You barely miss the ogre.
The ogre is moderately wounded.
The ogre hits you with a +0 giant club!
You barely miss the ogre.
The ogre is moderately wounded.
You slash the ogre!
The ogre is heavily wounded.
The ogre hits you with a +0 giant club!
* * * LOW HITPOINT WARNING * * *
You slash the ogre!
The ogre is almost dead.
The ogre hits you with a +0 giant club!!
* * * LOW HITPOINT WARNING * * *
The ogre attacks as you move away! The ogre hits you with a +0 giant club!
You die...

#..# ##..# #..## #.†# .
♣..# .. ♣.## ... ♣†##
.... ♣♣..###########
....#
##...@O........#....##
##.....................
#........###########...
#..........##
#..#.........##
#..##..........##
..##............# .#
#.............#
#..............#


You could see an ogre.

Vanquished Creatures
  A black bear (D:4)
  A scorpion (D:3)
  3 gnolls (D:2)
  3 adders
  A white imp (D:3)
  3 worms
  5 dart slugs
  6 endoplasms
  2 giant cockroaches
  8 goblins
  6 hobgoblins
  6 jackals
  11 kobolds
  3 quokkas
  2 ball pythons
  2 bats (D:3)
  6 frilled lizards
  10 rats
79 creatures vanquished.

Vanquished Creatures (others)
  An endoplasm (D:3)
  A quokka (D:3)
2 creatures vanquished.

Grand Total: 81 creatures vanquished

Notes
Turn   | Place    | Note
-------+----------+-------------------------------------------
     0 | D:1      | nightchill the Hill Orc Fighter began the quest for the
                  | Orb.
     0 | D:1      | Reached XP level 1. HP: 19/19 MP: 1/1
    83 | D:1      | Reached skill level 3 in Axes
   156 | D:1      | Reached XP level 2. HP: 27/27 MP: 2/2
   634 | D:1      | Reached skill level 4 in Axes
   956 | D:2      | Reached XP level 3. HP: 33/33 MP: 3/3
  1091 | D:2      | Found a shimmering altar of Xom.
  1220 | D:2      | Reached XP level 4. HP: 16/41 MP: 4/4
  1226 | D:2      | Reached skill level 5 in Axes
  1436 | D:2      | You fall into a shaft and drop 2 floors!
  1446 | D:4      | Noticed an ogre
  1559 | D:3      | Noticed a scorpion
  1574 | D:3      | Killed a scorpion
  1575 | D:3      | Reached skill level 5 in Fighting
  1575 | D:3      | Reached skill level 6 in Axes
  1575 | D:3      | Reached XP level 5. HP: 28/48 MP: 5/5
  1815 | D:2      | Found Teh Asie's Book Shop.
  1975 | D:3      | Found a snail-covered altar of Cheibriados.
  2001 | D:3      | Found Kosociong's General Store.
  2007 | D:3      | Found a shimmering altar of Xom.
  2556 | D:4      | Noticed a black bear
  2580 | D:4      | Killed a black bear
  2581 | D:4      | Reached skill level 7 in Axes
  2581 | D:4      | Reached XP level 6. HP: 37/56 MP: 6/6
  2648 | D:4      | Mangled by an ogre

Illustrated notes

Levels and vault maps discovered:
D:1:      sevenhm_arrival_forest_fort_small_5, layout_basic,
          minmay_misc_feat_room, supply_closet_lemuel
D:2:      layout_rooms, basic_altar, serial_shops, nicolae_shop_crystal,
          minivault_25, minmay_indecisive_spiral
D:3:      layout_loops_ring, xom_confusion_cloud, cheibriados_altar_1,
          serial_shops, shop, chequers_arboretum
D:4:      layout_cave_pods, mainiacjoe_overflow_alcove_1, serial_shops,
          kennysheep_mini_moat

Skill      XL: |  1  2  3  4  5 |
---------------+----------------+-----
Axes           | 3 4 6 7 |  7.3
Fighting       | 4 5 |  5.6
Armour         | |  3.2
Shields        | |  3.2

Action                     |  1- 3 |  4- 6 || total
---------------------------+-------+-------++-------
  Melee: War axe           |    94 |   103 ||   197
    Use: Potion            |       |     2 ||     2
         Scroll            |       |     6 ||     6
 Armour: Scale mail        |    18 |       ||    18
         Chain mail        |    30 |    55 ||    85
  Dodge: Dodged            |    36 |    33 ||    69
  Block: Buckler           |    20 |    22 ||    42
